 Dungeon Crawl Stone Soup version 0.20-a0-970-gcd8f41e (webtiles) character file.

215 Deemzul the Chopper (level 5, 0/47 HPs)
             Began as a Hill Orc Fighter on Apr 8, 2017.
             Slain by a river rat (9 damage)
             ... in a sewer.
             The game lasted 00:02:09 (1969 turns).

Deemzul the Chopper (Hill Orc Fighter)              Turns: 1969, Time: 00:02:10

Health: 0/47       AC:  3    Str: 20    XL:     5   Next: 92%
Magic:  5/5        EV:  9    Int: 11    God:
Gold:   63         SH:  9    Dex: 10    Spells: 4/4 levels left

rFire    . . .     SeeInvis .   a - +0 war axe
rCold    . . .     Gourm    .   c - +0 shield
rNeg     . . .     Faith    .   s - +0 robe (curse)
rPois    .         Spirit   .   (no helmet)
rElec    .         Reflect  .   (no cloak)
rCorr    .         Harm     .   x - +0 pair of gloves
MR       .....                  (no boots)
Stlth    +.........             (no amulet)
Regen    0.2/turn               n - +3 ring of intelligence
MPRegen  0.1/turn               (no ring)

@: no status effects
A: no striking features
a: no special abilities


You were in a sewer.
You were not hungry.

You visited 1 branch of the dungeon, and saw 3 of its levels.
You also visited: Sewer.

You collected 63 gold pieces.

Inventory:

Hand Weapons
 a - a +0 war axe (weapon)
Armour
 b - a +0 scale mail
 c - a +0 shield (worn)
 s - a cursed +0 robe (worn)
 x - a +0 pair of gloves (worn)
Jewellery
 n - a +3 ring of intelligence (left hand)
 p - an uncursed ring of protection from magic {unknown}
Scrolls
 e - 3 scrolls of fog {unknown}
 h - a scroll of fear {unknown}
 l - 2 scrolls of noise {unknown}
 m - 2 scrolls of recharging {unknown}
 q - a scroll of teleportation {unknown}
 t - a scroll of magic mapping {unknown}
 u - a scroll of remove curse {unknown}
 w - 2 scrolls of identify {unknown}
Potions
 d - a potion of might
 i - a potion of ambrosia {unknown}
 j - a potion of mutation {unknown}
 k - 6 potions of curing {unknown}
Comestibles
 f - 2 bread rations
 g - 2 meat rations
 o - a royal jelly
 v - 3 chunks of flesh


   Skills:
 + Level 4.6 Fighting
 * Level 5.3 Axes
 + Level 4.2 Armour
 + Level 4.3 Shields


You had 4 spell levels left.
You didn't know any spells.

Dungeon Overview and Level Annotations

Branches:
Dungeon (3/15)

Altars:
Makhleb
Nemelex Xobeh
Qazlal


Message History

Unknown command.
You hit the river rat.
The river rat is moderately wounded.
You slash the rat!
You kill the rat!
You block the river rat's attack.
Unknown command.
You closely miss the river rat.
The river rat is moderately wounded.
The river rat bites you.
* * * LOW HITPOINT WARNING * * *
Your shield prevents you from hitting the river rat.
The river rat is moderately wounded.
You block the river rat's attack.
You closely miss the river rat.
The river rat is moderately wounded.
The river rat bites you.
* * * LOW HITPOINT WARNING * * *
The river rat bites you!
You die...

≈≈≈≈≈≈....##
≈≈≈≈≈.....##
≈≈≈≈.......##
≈≈≈≈........##
≈≈≈≈......#..#
≈≈≈≈.....###.#
≈≈≈≈.....###∩#
≈≈≈≈≈.....####
≈≈≈≈≈...@r#
≈≈≈≈≈≈...†.#
≈≈≈≈≈≈.....#
≈≈≈≈≈≈......#
≈≈≈≈≈......#
≈≈≈≈≈≈.....#
≈≈≈≈≈≈....##
≈≈≈≈≈≈...##


You could see a river rat.

Vanquished Creatures
  A big kobold (Sewer)
  Terence (D:3)
  Robin (D:2)
  An adder (D:2)
  A gnoll (D:1)
  A river rat (Sewer)
  A worm (D:2)
  A dart slug (D:3)
  4 leopard geckos
  A ball python (D:1)
  4 bats
  7 giant cockroaches
  11 goblins
  11 hobgoblins
  8 kobolds
  A quokka (D:2)
  6 frilled lizards
  13 rats
74 creatures vanquished.

Notes
Turn   | Place    | Note
-------+----------+-------------------------------------------
     0 | D:1      | Deemzul the Hill Orc Fighter began the quest for the Orb.
     0 | D:1      | Reached XP level 1. HP: 19/19 MP: 1/1
    90 | D:1      | Reached skill level 3 in Axes
   139 | D:1      | Reached XP level 2. HP: 26/27 MP: 2/2
   852 | D:1      | Reached XP level 3. HP: 33/33 MP: 3/3
  1162 | D:2      | Noticed Robin
  1170 | D:2      | Reached skill level 4 in Axes
  1175 | D:2      | Killed Robin
  1175 | D:2      | Reached XP level 4. HP: 35/40 MP: 4/4
  1214 | D:2      | Found a stormy altar of Qazlal.
  1219 | D:2      | Noticed a fire elemental
  1219 | D:2      | Noticed a water elemental
  1220 | D:2      | Noticed an air elemental
  1220 | D:2      | Noticed an earth elemental
  1348 | D:2      | Found a burning altar of Makhleb.
  1767 | D:3      | Noticed Terence
  1786 | D:3      | Killed Terence
  1786 | D:3      | Reached XP level 5. HP: 30/46 MP: 5/5
  1794 | D:3      | Found a sparkling altar of Nemelex Xobeh.
  1834 | D:3      | Found a glowing drain.
  1866 | Sewer    | Entered a sewer
  1895 | Sewer    | Noticed a big kobold
  1917 | Sewer    | Killed a big kobold
  1917 | Sewer    | Reached skill level 5 in Axes
  1969 | Sewer    | Slain by a river rat

Vault maps used:
D:1:      minmay_arrival_checkered_box
D:2:      nicolae_qazlal_style_of_elements, lemuel_round_altar, uniq_robin
D:3:      lemuel_crystal_altar, lemuel_coloured_pillars_altar,
          gup_sewer_entry_glass, first_bread, uniq_terence,
          uniq_crazy_yiuf_cottage
Sewer:    sewer_minmay_treatment

Skill      XL: |  1  2  3  4  5 |
---------------+----------------+-----
Axes           | 3 4 5 |  5.3
Fighting       | 4 |  4.6
Shields        | 4 |  4.3
Armour         | 4 |  4.2

Action                   |  1- 3 |  4- 6 || total
-------------------------+-------+-------++-------
Melee: War axe           |   117 |   114 ||   231
  Use: Potion            |       |     1 ||     1
 Stab: Sleeping          |       |     1 ||     1
  Eat: Chunk             |     1 |     3 ||     4
Armor: Scale mail        |    51 |     4 ||    55
       Robe              |       |    21 ||    21
Dodge: Dodged            |    39 |    35 ||    74
Block: Shield            |    70 |    57 ||   127
